 Dungeon Crawl Stone Soup version 0.26.0-16-gc1dbca0489 (webtiles) character file.

Game seed: 10227931317840543211

58 kaeus the Sneak (level 3, -4/21 HPs)
             Began as a Vampire Brigand on Jan 20, 2021.
             Slain by an orc
             ... wielding a +0 club
              (5 damage)
             ... on level 3 of the Dungeon.
             The game lasted 00:03:33 (1512 turns).

kaeus the Sneak (Vampire Brigand)                   Turns: 1512, Time: 00:03:33

Health: -4/21      AC:  0    Str:  8 (10) XL:     3   Next: 76%
Magic:  1/3        EV: 20    Int: 11 (13) God:
Gold:   134        SH:  0    Dex: 19 (21) Spells: 2/2 levels left

rFire    . . .     SeeInvis +   (weapon currently unavailable)
rCold    + + .     Faith    .   (shield currently unavailable)
rNeg     + + +     Spirit   .   (armour currently unavailable)
rPois    ∞         Reflect  .   (helmet currently unavailable)
rElec    .         Harm     .   (cloak currently unavailable)
rCorr    .         Rampage  .   (gloves currently unavailable)
Will     .....                  (boots currently unavailable)
Stlth    ++++++....             (no amulet)
HPRegen  0.00/turn              (ring currently unavailable)
MPRegen  0.08/turn              (ring currently unavailable)

@: bat-form, flying, bloodless, very quick
A: tiny, fangs 3, see invisible
a: Revivify, Stop Flying, End Transformation


You were on level 3 of the Dungeon.
You were in vampire-bat-form.
You visited 1 branch of the dungeon, and saw 3 of its levels.

You collected 134 gold pieces.

Inventory:

Hand Weapons
 a - a +2 dagger (melded)
Missiles
 e - a curare-tipped dart
 l - 2 poisoned darts (quivered)
Armour
 c - a +0 cloak (melded)
 n - a +0 leather armour (melded)
Jewellery
 i - a ring of see invisible (melded)
 j - a ring of magical power (melded)
Scrolls
 f - 2 scrolls of random uselessness {unknown}
 g - 4 scrolls of identify {unknown}
 h - 2 scrolls of teleportation {unknown}
 k - 2 scrolls of remove curse {unknown}
Potions
 b - a potion of attraction {unknown}
 d - a potion of degeneration {unknown}
 m - a potion of haste {unknown}


   Skills:
 + Level 2.3 Fighting
 + Level 2.8 Short Blades
 + Level 2.0 Throwing
 + Level 1.9 Dodging
 + Level 6.4 Stealth


You had 2 spell levels left.
You didn't know any spells.
Your spell library was empty.

Dungeon Overview and Level Annotations

Branches:
Dungeon (3/15)

Altars:


Innate Abilities, Weirdness & Mutations

You do not regenerate when monsters are visible.
You are frail without blood (-20% HP).
You can heal yourself when you bite living creatures.
You are immune to poison.
You have razor-sharp teeth.
You have supernaturally acute eyesight. (SInv)
((You can survive without breathing.))


Message History

The orc wizard hits you with a +0 dagger.
You closely miss the orc wizard. The orc hits you with a +0 club.
The orc wizard gestures at you while chanting.
The magic dart hits you.
* * * LOW HITPOINT WARNING * * *
You hit the orc wizard.
The orc wizard is lightly wounded.
The orc misses you.
The orc wizard points at you and mumbles some strange words.
The magic dart hits you.
* * * LOW HITPOINT WARNING * * *
You turn into a vampire bat.
Your +2 dagger melds into your body.
Your +0 cloak melds into your body.
Your +0 leather armour melds into your body.
Your ring of see invisible melds into your body.
Your ring of magical power melds into your body.
You feel your magic capacity decrease.
You feel weakened.
You feel dopey.
You feel clumsy. The orc hits you with a +0 club.
You die...

#. #...#######.#.###
###.###..#####...#.#
#..................#
##.#......#####.......#
#.............#######.#
#..#...)#>###.# #
##..#....#.#
......(.)#..
#####...b######.
.......oo.......
####.....#######
#...(>.....oo
#....#...####
####$#.#.# #.###.# #..
. ### .


You could see an orc wizard and an orc.

Vanquished Creatures
  An adder (D:2)
  3 dart slugs (D:1)
  A leopard gecko (D:3)
  3 orcs (D:3)
  2 giant cockroaches
  5 goblins
  2 hobgoblins
  3 jackals (D:2)
  3 quokkas
  3 bats
  3 frilled lizards
  4 kobolds
  6 rats
39 creatures vanquished.

Notes
Turn   | Place    | Note
-------+----------+-------------------------------------------
     0 | D:1      | kaeus the Vampire Brigand began the quest for the Orb.
     0 | D:1      | Reached XP level 1. HP: 16/16 MP: 1/1
    79 | D:1      | Reached skill level 6 in Stealth
    79 | D:1      | Reached XP level 2. HP: 22/22 MP: 2/2
   630 | D:2      | Reached XP level 3. HP: 21/21 MP: 3/3
  1511 | D:3      | HP: 1/21 [orc wizard/magic dart (5)]
  1512 | D:3      | Slain by an orc

Illustrated notes

Levels and vault maps discovered:
D:1:      minmay_arrival_pointy, layout_basic, hangedman_decor_push,
          amcnicky_mini_corridor_feature, corexii_hall_statues_x
D:2:      layout_rooms
D:3:      layout_basic

Skill      XL: |  1  2  3 |
---------------+----------+-----
Stealth        | 6 |  6.4
Fighting       | 2 |  2.3
Throwing       | 2 |  2.0
Short Blades   | |  2.8
Dodging        | |  1.9

Action                   || total
-------------------------++-------
Melee: Dagger            ||    44
       Bite              ||     3
Throw: Dart              ||    93
 Abil: Exsanguinate      ||     1
       Bat Form          ||     1
Armor: Robe              ||     2
       Leather armour    ||     8
Dodge: Dodged            ||    21
